 Dungeon Crawl Stone Soup version 0.29.0-4-gdea44cf6ec (webtiles) character file.

Game seed: 2788018125673898417

82 qw the Chopper (level 4, -5/26 HPs)
             Began as a Tengu Warper on Aug 28, 2022.
             Killed by divine providence
             ... invoked by an orc priest
              (14 damage)
             ... on level 3 of the Dungeon.
             The game lasted 00:00:13 (3547 turns).

qw the Chopper (Tengu Warper)                       Turns: 3547, Time: 00:00:14

Health: -5/26      AC:  8    Str: 13    XL:     4   Next: 43%
Magic:  8/8        EV:  6    Int: 14    God:
Gold:   164        SH:  0    Dex: 13    Spells: 7/7 levels left

rFire   . . .      SeeInvis .   Y - +0 broad axe
rCold   . . .      Faith    .   (no shield)
rNeg    . . .      Spirit   .   d - +0 chain mail
rPois   .          Reflect  .   (helmet restricted)
rElec   .          Harm     .   (no cloak)
rCorr   .          Rampage  .   (no gloves)
Will    .....                   (boots unavailable)
Stlth   ..........              (no amulet)
HPRegen 0.08/turn               (no ring)
MPRegen 0.11/turn               (no ring)

@: no status effects
A: beak, talons 3
a: no special abilities


You were on level 3 of the Dungeon.
You visited 1 branch of the dungeon, and saw 3 of its levels.

You collected 164 gold pieces.


Innate Abilities, Weirdness & Mutations

You have a beak for a mouth.
You have claws for feet.


   Skills:
 - Level 2.0 Fighting
 + Level 5.0 Axes
 - Level 1.0 Throwing
 - Level 1.1 Armour
 - Level 2.1 Dodging
 - Level 2.0 Spellcasting
 - Level 2.4 Translocations


You had 7 spell levels left.
You didn't know any spells.
Your spell library contained the following spells:

 Spells                   Type           Power      Damage    Failure   Level
 Blink                    Tloc           16%        N/A       99%         2
 Gell's Gravitas          Tloc           8%         N/A       100%        3
 Lesser Beckoning         Tloc           8%         N/A       100%        3
 Teleport Other           Tloc           8%         N/A       100%        3
 Manifold Assault         Tloc           8%         N/A       100%        5

Inventory:

Hand Weapons
 e - a +0 mace
 Y - a +0 broad axe (weapon)
Missiles
 a - 2 boomerangs (quivered)
Armour
 d - a +0 chain mail (worn)
Jewellery
 c - a ring of protection from cold
Potions
 b - a potion of cancellation {unknown}
 g - a potion of ambrosia {unknown}

Dungeon Overview and Level Annotations

Branches:
Dungeon (3/15)

Altars:

Shops:
D:1 (

Annotations:
D:3 Grinder


Message History

An orc comes into view. It is wielding a +0 club.
An orc priest comes into view. It is wielding a +0 whip.
A giant cockroach comes into view.
Grinder gestures at you.
You suddenly lose the ability to move!
An orc priest comes into view. It is wielding a +0 hand axe.
An orc comes into view. It is wielding a +0 whip.
Grinder zaps a wand.
The roots erupt in riotous growth!
The grasping roots grab you!
Grinder is unaffected.
The grasping roots constrict you.
You hear a shout!
You can move again.
You slash Grinder!
Grinder is lightly wounded.
You closely miss the giant cockroach. The giant cockroach bites you.
Grinder hits you. The grasping roots constrict you.
The grasping roots release their grip on you.
An orc comes into view. It is wielding a +0 hand axe.
You closely miss Grinder. Your kick misses Grinder. Your peck misses Grinder.
Grinder is lightly wounded.
You hit the giant cockroach. The giant cockroach barely misses you.
Grinder blinks!
The giant cockroach bites you but does no damage.
The orc moves out of view.
You hit the giant cockroach.
You kill the giant cockroach!
Grinder blinks!
You closely miss Grinder. Your kick misses Grinder. Your peck misses Grinder.
Grinder is lightly wounded.
You slash the orc!
You kill the orc!
The orc priest invokes the aid of Beogh against you.
Beogh smites you! Grinder gestures at you. Pain shoots through your body!
The orc priest invokes the aid of Beogh against you.
Beogh smites you!
Ouch! That really hurt!
You die...

.####### .......o
#....... ####.......
......o. #..o.
#########o##
#.....5@o..####
#.............###
#..........%#...#
.P7+###.P.7.7##.#######
7 #.7..7..P........#
...7..7P7..7.####...
7....7..¤~PP..##
7..7.7.77¤7...>####
7.7.7¤.......#..


You could see Grinder, 2 orc priests and 2 orcs.

Vanquished Creatures
  3 adders (D:2)
  3 dart slugs
  2 orcs (D:3)
  4 bats
  7 endoplasms
  3 giant cockroaches
  2 goblins
  3 hobgoblins
  5 jackals (D:1)
  A kobold (D:1)
  2 quokkas (D:3)
  6 ball pythons
  A frilled lizard (D:2)
  3 rats (D:2)
45 creatures vanquished.

Notes
Turn   | Place    | Note
-------+----------+-------------------------------------------
     0 | D:1      | qw the Tengu Warper began the quest for the Orb.
     0 | D:1      | Reached XP level 1. HP: 12/12 MP: 4/4
     0 | D:1      | 0 ||| qw: Version: 0.1-a-89-g26bdef1
     0 | D:1      | 0 ||| qw: Game counter: 3314
     0 | D:1      | 0 ||| qw: Always use a shield: true
     0 | D:1      | 0 ||| qw: God list: Okawaru
     0 | D:1      | 0 ||| qw: Allow faded altars: false
     0 | D:1      | 0 ||| qw: Do Orc after D:15 true
     0 | D:1      | 0 ||| qw: Do second Lair branch before Depths: true
     0 | D:1      | 0 ||| qw: Lair rune preference: random
     0 | D:1      | 0 ||| qw: Plans: Normal
     0 | D:1      | 0 ||| PLANNING D:1-11
    78 | D:1      | 78 ||| Stepping ~*~*~tactically~*~*~ (hiding).
    79 | D:1      | 79 ||| Stepping ~*~*~tactically~*~*~ (hiding).
   197 | D:1      | Reached XP level 2. HP: 17/17 MP: 6/6
   237 | D:1      | 237 ||| Stepping ~*~*~tactically~*~*~ (hiding).
   339 | D:1      | 339 ||| Stepping ~*~*~tactically~*~*~ (hiding).
   340 | D:1      | 340 ||| Stepping ~*~*~tactically~*~*~ (hiding).
   344 | D:1      | 344 ||| Stepping ~*~*~tactically~*~*~ (hiding).
   347 | D:1      | 347 ||| Stepping ~*~*~tactically~*~*~ (hiding).
   354 | D:1      | Reached skill level 3 in Axes
   501 | D:1      | Found a faded altar of an unknown god.
   809 | D:1      | HP: 4/17 [frozen (5)]
  1074 | D:1      | 1074 ||| Stepping ~*~*~tactically~*~*~ (stealth).
  1076 | D:1      | 1076 ||| Stepping ~*~*~tactically~*~*~ (stealth).
  1088 | D:1      | Reached XP level 3. HP: 10/21 MP: 7/7
  1738 | D:1      | Found Zeocui's Antique Weapon Shoppe.
  1746 | D:1      | 1746 ||| SHOPLISTING glowing broad axe (161 gold, have 48).
  1746 | D:1      | 1746 ||| SHOPLISTING glowing war axe (149 gold, have 48).
  1746 | D:1      | 1746 ||| SHOPLISTING runed flail (149 gold, have 48).
  1746 | D:1      | 1746 ||| READING scroll labelled WIBLIMM ILELI.
  1747 | D:1      | 1747 ||| READING scroll labelled CIOGEHUEJU.
  1751 | D:1      | 1751 ||| READING scroll labelled ALUURE QUAS.
  1752 | D:1      | 1752 ||| DROPPING scroll of blinking.
  1880 | D:2      | Reached skill level 4 in Axes
  2216 | D:2      | 2216 ||| Stepping ~*~*~tactically~*~*~ (stealth).
  2226 | D:2      | Reached XP level 4. HP: 9/26 MP: 8/8
  2518 | D:2      | 2518 ||| SWAPPING to +0 broad axe.
  2524 | D:2      | 2524 ||| DROPPING +0 hand axe.
  3298 | D:2      | 3298 ||| UPGRADING to +0 chain mail.
  3308 | D:2      | 3308 ||| DROPPING +0 leather armour.
  3309 | D:2      | 3309 ||| READING scroll labelled KUTHRA NIFAY.
  3310 | D:2      | 3310 ||| READING scroll labelled LYTAISUPS QAGILE.
  3520 | D:3      | Reached skill level 5 in Axes
  3538 | D:3      | Noticed Grinder
  3540 | D:3      | Paralysed by Grinder for 4 turns
  3547 | D:3      | Killed from afar by an orc priest

Levels and vault maps discovered:
D:1:      nagdon_arrival_double_spiral, layout_basic, basic_ecumenical_altar,
          serial_forest, infiniplex_forest_end_1, infiniplex_forest_join,
          infiniplex_forest_lined_2, infiniplex_forest_lined_2,
          infiniplex_forest_end_1, infiniplex_forest_lined_room_2,
          infiniplex_forest_lined_2, infiniplex_forest_straight_1,
          infiniplex_forest_straight_4, serial_shops, nicolae_shop_stone,
          minmay_tree_intersection, minmay_heptomino_l4
D:2:      layout_basic, serial_rivers, chequers_serial_rivers_small_b,
          chequers_serial_rivers_small_3, chequers_serial_rivers_room_b,
          chequers_serial_rivers_small_3, chequers_serial_rivers_micro_d,
          interstate_on_off
D:3:      wad_woods_tower, layout_basic, dreamdust_wishing_well, st_stairs_3,
          minivault_14, lexackson_kobold_supper, uniq_grinder

Skill      XL: |  1  2  3  4 |
---------------+-------------+-----
Axes           | 3 4 5 |  5.0
Fighting       | |  2.0
Throwing       | |  1.0
Armour         | |  1.1
Dodging        | |  2.1
Spellcasting   | |  2.0
Translocations | |  2.4

Action                   |  1- 3 |  4- 6 || total
-------------------------+-------+-------++-------
Melee: Hand axe          |    77 |     3 ||    80
       Kick              |    11 |    12 ||    23
       Peck              |    11 |     5 ||    16
       Broad axe         |       |    37 ||    37
Throw: Boomerang         |     7 |     4 ||    11
  Use: Scroll            |     3 |     2 ||     5
Armor: Leather armour    |    25 |     1 ||    26
       Chain mail        |       |    15 ||    15
Dodge: Dodged            |    52 |    11 ||    63

Table legend:
 A = Non-vault XP
 B = Vault XP
 C = Vault XP percentage of total XP
 D = Non-vault monster count
 E = Vault monster count
 F = Vault count percentage of total count
                 A         B        C        D         E       F
            +---------+---------+-------+---------+---------+-------
      Total |     111 |      10 |   8.3 |      40 |       5 |  11.1
            +---------+---------+-------+---------+---------+-------
        D:1 |      33 |       6 |  15.4 |      16 |       3 |  15.8
        D:2 |      67 |       0 |   0.0 |      19 |       0 |   0.0
        D:3 |      11 |       4 |  26.7 |       5 |       2 |  28.6
            +---------+---------+-------+---------+---------+-------
